 Dungeon Crawl Stone Soup version 0.20.0-15-g7f486f2 (webtiles) character file.

172 esteth the Digger (level 5, -1/28 HPs)
             Began as a Gargoyle Earth Elementalist on June 17, 2017.
             Slain by Sigmund
             ... wielding a cursed -1 scythe
              (7 damage)
             ... on level 3 of the Dungeon.
             The game lasted 00:08:29 (4842 turns).

esteth the Digger (Gargoyle Earth Elementalist)     Turns: 4842, Time: 00:08:29

Health: -1/28      AC:  6    Str: 12    XL:     5   Next: 52%
Magic:  8/8        EV: 12    Int: 16    God:
Gold:   123        SH:  0    Dex: 10    Spells: 7/8 levels left

rFire    . . .     SeeInvis .   i - +0 club
rCold    . . .     Gourm    .   (no shield)
rNeg     + . .     Faith    .   c - +0 robe
rPois    ∞         Spirit   .   (no helmet)
rElec    +         Reflect  .   (no cloak)
rCorr    .         Harm     .   (no gloves)
MR       .....                  (no boots)
Stlth    +.........             g - amulet of magic regeneration
Regen    0.1/turn               (no ring)
MPRegen  0.2/turn               (no ring)

@: confused
A: negative energy resistance 1, electricity resistance, unbreathing,
petrification resistance, rot immunity, AC +4
a: no special abilities


You were on level 3 of the Dungeon.
You were not hungry.

You visited 1 branch of the dungeon, and saw 3 of its levels.

You collected 123 gold pieces.

Inventory:

Hand Weapons
 i - a +0 club (weapon)
Missiles
 b - 64 stones (quivered)
Armour
 c - a +0 robe (worn)
 t - a +3 chain mail
Jewellery
 g - an amulet of magic regeneration (around neck)
 l - an uncursed ring of positive energy {unknown}
Wands
 s - a wand of enslavement (16/24)
Scrolls
 f - 4 scrolls of identify {unknown}
 j - a scroll of teleportation {unknown}
 m - a scroll of remove curse {unknown}
 r - a scroll of random uselessness {unknown}
 w - a scroll of enchant weapon {unknown}
Potions
 k - a potion of haste {unknown}
 o - a potion of resistance {unknown}
 p - a potion of curing {unknown}
 q - a potion of mutation {unknown}
 v - a potion of degeneration {unknown}
Books
 e - a book of Geomancy

   Spells                             Type                      Level
   a - Sandblast                      Earth                        1
   b - Passwall                       Transmutation/Earth          2
   c - Stone Arrow                    Conjuration/Earth            3
   d - Petrify                        Transmutation/Earth          4
   e - Lee's Rapid Deconstruction     Earth                        5
Comestibles
 a - 2 meat rations
 d - 2 bread rations
 h - 2 royal jellies
 n - 2 fruits
 u - 4 chunks of flesh


   Skills:
 - Level 1.5 Dodging
 - Level 2.1 Stealth
 - Level 2.0 Spellcasting
   Level 0.7 Transmutations
 + Level 7.2 Earth Magic


You had 7 spell levels left.
You knew the following spells:

 Your Spells              Type           Power        Failure   Level  Hunger
a - Sandblast             Erth           ###...       1%          1    #......


Dungeon Overview and Level Annotations

Branches:
Dungeon (3/15)

Altars:
Ashenzari
Dithmenos
Okawaru
Sif Muna
Trog
Uskayaw

Annotations:
D:3 Sigmund


Innate Abilities, Weirdness & Mutations

You are resistant to torment.
Your stone body is resilient. (AC +4)
You are immune to poison.
You resist negative energy. (rN+)
You are resistant to electric shocks. (rElec)
You can survive without breathing.
You are immune to petrification.
You are immune to rotting.


Message History

A magic dart appears from out of thin air!
The magic dart hits you!
A puff of flame appears from out of thin air!
The puff of flame misses you.
Something tries to affect you, but you resist.
You are confused.
You are more confused.
You bump into the rock wall.
You are more confused.
You bump into the rock wall.
You bump into the rock wall.
You're too confused to move!
Something hits you.
You bump into the rock wall.
You're too confused to move!
Something hits you. Something hits you!
* * * LOW HITPOINT WARNING * * *
You're too confused to move!
Something hits you.
* * * LOW HITPOINT WARNING * * *
You bump into the rock wall.
Something hits you!
You die...

#............############.###
###..........'...............
#######....#....(#...#########.##
#..........#.....#.#.# #.##
#..........#####.#.#.# #.##
#..........# #.#.#.# #.##
#..........# #{#.#.# #.##
#^.........# #.#.#.# #..#
#..........# #@#.#.# ##.#
#..........# #.#.#.# #.#
#.......#### #.#.#.# #.#
..........# #.#.#.# #.#
..).......######.#.#.# #.#
..÷................#.# #..
.................###.# ##.
.................'...# #.
.................##### #.


There were no monsters in sight!

Vanquished Creatures
  An orc priest (D:3)
  4 adders
  An ooze (D:1)
  2 worms (D:3)
  A dart slug (D:1)
  5 leopard geckos
  6 orcs
  A ball python (D:1)
  10 bats
  3 giant cockroaches (D:1)
  10 goblins
  11 hobgoblins
  4 jackals (D:3)
  2 quokkas
  3 frilled lizards
  8 kobolds
  9 rats
81 creatures vanquished.

Vanquished Creatures (others)
  A plant (D:1)
1 creature vanquished.

Grand Total: 82 creatures vanquished

Notes
Turn   | Place    | Note
-------+----------+-------------------------------------------
     0 | D:1      | esteth the Gargoyle Earth Elementalist began the quest for the Orb.
     0 | D:1      | Reached XP level 1. HP: 10/10 MP: 3/3
   479 | D:1      | Reached skill level 4 in Earth Magic
   721 | D:1      | Reached XP level 2. HP: 8/15 MP: 3/5
  1218 | D:1      | Reached skill level 5 in Earth Magic
  1218 | D:1      | Reached XP level 3. HP: 15/19 MP: 1/6
  2299 | D:2      | Reached XP level 4. HP: 16/24 MP: 5/7
  2571 | D:2      | Reached skill level 6 in Earth Magic
  2912 | D:2      | Found a deep blue altar of Sif Muna.
  2912 | D:2      | Found a shattered altar of Ashenzari.
  2919 | D:2      | Found a bloodstained altar of Trog.
  2923 | D:2      | Found a hide-covered altar of Uskayaw.
  2925 | D:2      | Found a shadowy altar of Dithmenos.
  3028 | D:3      | Found an iron altar of Okawaru.
  3889 | D:3      | Reached XP level 5. HP: 8/28 MP: 5/8
  4354 | D:3      | Reached skill level 7 in Earth Magic
  4808 | D:3      | Noticed Sigmund
  4842 | D:3      | Slain by Sigmund

Skill      XL: |  1  2  3  4  5 |
---------------+----------------+-----
Earth Magic    | 4 5 6 7 |  7.2
Dodging        | |  1.5
Stealth        | |  2.1
Spellcasting   | |  2.0
Transmutations | |  0.7

Action                   |  1- 3 |  4- 6 || total
-------------------------+-------+-------++-------
Melee: Unarmed           |    73 |       ||    73
       Club              |    80 |   200 ||   280
 Cast: Sandblast         |    24 |    36 ||    60
 Stab: Sleeping          |     1 |     2 ||     3
  Eat: Chunk             |     5 |     9 ||    14
Armor: Robe              |    85 |    96 ||   181
Dodge: Dodged            |   147 |   208 ||   355
